 Dungeon Crawl Stone Soup version 0.19.0-19-g8c6edcc (webtiles) character file.

257638 doublebanjo the Brawler (level 19, -4/140 HPs)
             Began as a Demonspawn Berserker on Nov 15, 2016.
             Was a High Priest of Trog.
             Slain by an acid blob (29 damage)
             ... on level 1 of the Pits of Slime.
             The game lasted 02:19:26 (43029 turns).

doublebanjo the Brawler (Demonspawn Berserker)     Turns: 43029, Time: 02:19:27

Health: -4/140     AC: 25    Str: 21    XL:     19   Next: 10%
Magic:  26/26      EV: 10    Int:  5    God:    Trog [*****.]
Gold:   1160       SH: 11    Dex: 13    Spells: 0 memorised, 18 levels left

rFire  . . .     SeeInvis .       - Unarmed
rCold  + . .     Gourm    .     x - +9 plate armour of Beyond {rElec Regen+ rCorr Int-3}
rNeg   . . .     Faith    .     k - +3 buckler {AC+3}
rPois  +         Spirit   .     H - +2 hat {MR+}
rElec  +         Reflect  +     G - +2 cloak {rPois}
rCorr  +         Harm     .     (gloves unavailable)
MR     ++...                    (boots unavailable)
Stlth  ..........               N - +3 amulet of reflection
                                T - ring of Zin's Wrath {rElec rC+ EV-2 Int-5 Slay+6}
                                D - ring of resist corrosion

@: corroded, very slightly contaminated
A: claws 3, hooves 3, horns 2, foul stench 2, mutation resistance 1,
nightstalker 2, rot immunity
a: Berserk, Trog's Hand, Brothers in Arms, Burn Spellbooks, Renounce Religion
}: 2/15 runes: decaying, gossamer


You were on level 1 of the Pits of Slime.
You worshipped Trog.
Trog was extremely pleased with you.
You were hungry.

You visited 8 branches of the dungeon, and saw 35 of its levels.
You also visited: Labyrinth and Ice Cave.

You collected 3269 gold pieces.
You spent 2109 gold pieces at shops.

Inventory:

Hand Weapons
 w - a +4 blowgun
Missiles
 h - 7 steel javelins
 o - 7 needles of sleeping
 p - 18 silver javelins
 q - 4 curare-tipped needles
 y - 2 throwing nets
 B - 8 poisoned javelins
 R - a javelin of returning (quivered)
 U - 5 javelins
 Y - 6 needles of paralysis
Armour
 k - a +3 buckler of protection (worn)
 x - the +9 plate armour of Beyond (worn) {rElec Regen+ rCorr Int-3}
   (You bought it in a shop on level 2 of the Orcish Mines)

   It affects your intelligence (-3).
   It insulates you from electricity.
   It increases your rate of regeneration.
   It protects you from acid and corrosion.
 G - a +2 cloak of poison resistance (worn)
 H - a +2 hat of magic resistance (worn)
Jewellery
 j - a +6 ring of protection
 D - a ring of resist corrosion (left claw)
 N - a +3 amulet of reflection (around neck)
 P - the ring "Etuvvuh" {Str+2 SInv}
   (You found it in a labyrinth)

   [ring of see invisible]

   It affects your strength (+2).
   It lets you see invisible.
 T - the ring of Zin's Wrath (right claw) {rElec rC+ EV-2 Int-5 Slay+6}
   (You found it in a labyrinth)

   [ring of evasion]

   It affects your evasion (-2).
   It affects your intelligence (-5).
   It affects your accuracy and damage with ranged weapons and melee attacks
   (+6).
   It protects you from cold.
   It insulates you from electricity.
Wands
 b - a wand of paralysis (11/24)
 d - a wand of teleportation (3/9)
 f - a wand of lightning (0/15)
 g - a wand of teleportation (2/9)
 m - a wand of acid (0/15)
 r - a wand of lightning (1/15)
 F - a wand of teleportation (5/9)
 I - a wand of digging (16/24)
 Z - a wand of iceblast (0/15)
Scrolls
 e - 10 scrolls of remove curse
 u - 3 scrolls of teleportation
 z - 13 scrolls of recharging
 E - 6 scrolls of fear
 M - 3 scrolls of summoning
 Q - 3 scrolls of magic mapping
 S - 5 scrolls of identify
Potions
 i - 2 potions of cancellation
 n - 7 potions of curing
 t - 3 potions of agility
 v - 3 potions of heal wounds
 A - 2 potions of haste
 J - a potion of berserk rage
 K - a potion of resistance
 L - 5 potions of might
 O - a potion of invisibility
Miscellaneous
 s - a phial of floods
 X - a lamp of fire
Comestibles
 a - 15 meat rations
 c - 5 bread rations
 l - 20 royal jellies
 C - a slice of pizza


   Skills:
 - Level 10.0 Fighting
   Level 6.3 Axes
 - Level 15.0 Throwing
 - Level 12.0 Armour
 - Level 12.0 Dodging
 - Level 4.4 Shields
 + Level 19.7 Unarmed Combat
 - Level 10.0 Evocations


You had 18 spell levels left.
You didn't know any spells.

Dungeon Overview and Level Annotations

Branches:
Dungeon (15/15)            Temple (0/1) D:6            Lair (6/6) D:11
  Swamp (4/4) Lair:3       Spider (4/4) Lair:4        Slime (2/5) Lair:5
    Orc (2/2) D:9             Elf (1/3) Orc:2        Vaults (0/5) D:13
 Depths (1/5) D:15

Altars:
Ashenzari
Cheibriados
Dithmenos
Fedhas
Gozag
Qazlal
Ru
Sif Muna
Trog
Uskayaw
Vehumet
Xom
Yredelemnul
Zin
Beogh

Shops:
D:11 [   D:12 *=?   D:15 [*?   Orc:2 :[}:   Elf:1 (=}=

Portals:
Hell: Depths:1
Abyss: Depths:1
Trove: D:14 (give 12 potions of heal wounds)

Annotations:
D:12 exclusion: upstairs
Swamp:3 6 exclusions, Bai Suzhen; SevenDeadlySins's ghost, adept MiBe


Innate Abilities, Weirdness & Mutations

You have claws for hands.
You have hooves in place of feet.
You have a pair of horns on your head.
You frequently emit foul miasma when damaged in melee.
You are significantly more attuned to the shadows.
You are immune to rotting.
You are somewhat resistant to further mutation.


Message History

The azure jelly hits you but does no damage. x2
The azure jelly hits you.
* * * LOW HITPOINT WARNING * * *
The azure jelly hits you but does no damage.
There is a staircase back to the Lair here.
Unknown command.
You mangle the azure jelly!! Your kick misses the azure jelly.
The azure jelly is almost dead.
The azure jelly barely misses you.
The azure jelly hits you but does no damage. x3
You mangle the azure jelly!!
You kill the azure jelly!
Trog accepts your kill.
The acid blob jiggles.
Okay, then.
Unknown command.
Your ogre goes berserk!
You are feeling hungry.
The acid blob hits you!!
You die...

##......###
..........#
...#.........
##...##..#.........
..#.#.#............
.............§.##
................#
.................#
#.@J.§>.......#
#.O...........#
#......#...#.##
#...>..#...####
#......###.##
........ ##
#....#...


You could see an acid blob and a friendly ogre (berserk).

Vanquished Creatures
  Mara (Depths:1)
  Arachne (Spider:2)
  Jorgrun (Swamp:3)
  2 acid blobs (Slime:1)
  2 thorn hunters
  Kirke (Lair:5)
  An azure jelly (Slime:1)
  A fire giant (Depths:1)
  3 ghost moths
  7 emperor scorpions
  5 stone giants (Depths:1)
  2 entropy weavers (Spider:3)
  The ghost of lunkers the Bludgeoner, a journeyman DgNe (Orc:1)
  Nessos (Orc:2)
  A spark wasp (Spider:3)
  A dire elephant (D:15)
  A fire dragon (Depths:1)
  A merfolk javelineer (Depths:1)
  Josephine (Orc:1)
  Snorg (D:10)
  A great orb of eyes (Slime:1)
  A minotaur (Lab)
  Fannar (Orc:1)
  An ice dragon (Depths:1)
  26 hydras
  3 tengu warriors (Depths:1)
  8 dancing weapons (Elf:1)
  Erica (D:11)
  2 centaur warriors
  5 alligators
  A deep troll earth mage (Depths:1)
  3 death yaks
  An ogre mage (Depths:1)
  4 orc high priests (Orc:2)
  Sonja (D:15)
  Nergalle (Lair:2)
  4 deep elf knights (Elf:1)
  6 spriggans
  4 deep trolls (Depths:1)
  10 skeletal warriors (D:13)
  2 spriggan druids
  2 wizards
  8 hill giants
  The ghost of TheOneDM the Ruffian, a novice TrMo of Nemelex Xobeh (D:6)
  10 swamp dragons
  2 deep elf archers (Elf:1)
  2 glowing orange brains (Depths:1)
  A shambling mangrove (Swamp:4)
  3 unseen horrors
  29 wolf spiders
  An orc knight (Orc:1)
  A necromancer (IceCv)
  21 deep elf magi
  20 orb spiders
  12 ugly things
  3 orc sorcerers
  2 manticores
  2 shining eyes
  A salamander (D:15)
  2 moths of wrath
  6 cyclopes
  8 elephants
  A torpor snail (Lair:4)
  A guardian serpent (Lair:6)
  4 gargoyles
  Psyche (D:8)
  An eye of devastation (Lair:5)
  11 black mambas
  3 ice statues (IceCv)
  31 spiny frogs
  A rime drake (Lair:6)
  8 komodo dragons
  2 efreet (D:15)
  7 demonic crawlers
  8 ice devils (IceCv)
  4 tengu conjurers
  A troll (shapeshifter) (D:15)
  41 jumping spiders
  3 meliai (D:15)
  8 polar bears (Lair:6)
  Grinder (D:6)
  13 tyrant leeches
  A wind drake (shapeshifter) (D:15)
  16 hornets
  A two-headed ogre (Depths:1)
  11 trolls
  A meliai zombie (D:14)
  16 blink frogs
  5 bog bodies
  4 raiju (Lair:6)
  10 hippogriffs
  10 slime creatures
  A minotaur skeleton (Lab)
  5 dream sheep (Lair:6)
  5 shadows
  78 redbacks
  A vampire (D:15)
  7 wraiths
  An air elemental (Elf:1)
  18 yaks
  Sigmund (D:2)
  5 wyverns
  28 tarantellas
  3 hogs (Lair:4)
  A hog (shapeshifter) (D:13)
  4 basilisks
  2 fire elementals (Elf:1)
  4 water elementals
  5 hungry ghosts (Lab)
  12 vampire mosquitoes
  9 wargs
  5 insubstantial wisps (Swamp:4)
  25 swamp worms
  18 water moccasins
  6 hell hounds (Lair:6)
  28 orc warriors
  13 porcupines
  11 swamp drakes
  6 ice beasts
  4 sky beasts
  14 black bears
  An eye of draining (Lair:5)
  2 phantoms
  A necrophage (D:9)
  14 ogres
  14 wolves
  6 centaurs
  8 crocodiles
  6 big kobolds (D:9)
  A gnoll sergeant (D:9)
  18 bullfrogs
  2 water moccasin zombies (D:6)
  3 scorpions
  A wyvern skeleton (D:9)
  21 killer bees
  8 wights
  7 electric eels
  6 howler monkeys
  8 crimson imps
  2 draconian simulacra (IceCv)
  2 quasits
  3 bullfrog zombies
  24 hounds
  5 centaur zombies
  5 jellies
  22 orc priests
  39 orc wizards
  Crazy Yiuf (D:6)
  3 centaur skeletons
  2 bullfrog skeletons
  Ijyb (D:2)
  3 iguanas
  10 worker ants
  5 hell rats (Lair:6)
  A spriggan simulacrum (IceCv)
  5 troll simulacra (IceCv)
  2 hound skeletons
  2 hound zombies
  A howler monkey zombie (D:7)
  A worker ant zombie (D:5)
  33 adders
  7 gnolls
  A river rat (Lair:6)
  2 naga simulacra (IceCv)
  4 shadow imps
  4 oozes
  An adder skeleton (D:4)
  2 adder zombies (D:6)
  3 worms
  2 dart slugs
  12 leopard geckos
  90 orcs
  A ball python (D:6)
  7 giant cockroaches
  12 goblins
  5 hobgoblins
  6 jackals
  5 quokkas
  6 bats
  8 frilled lizards
  2 gnoll zombies (D:9)
  A jackal zombie (D:8)
  7 kobolds
  A leopard gecko skeleton (D:4)
  A leopard gecko zombie (D:5)
  A quokka skeleton (D:5)
  7 rats
  A briar patch (Swamp:2)
1301 creatures vanquished.

Vanquished Creatures (collateral kills)
  Agnes (Spider:1)
  A frost giant (Depths:1)
  Aizul (Elf:1)
  The ghost of CountDeLaPain the Brawler, a journeyman TrHu of Okawaru (Lair:6)
  The ghost of CompileTime the Carver, a journeyman GrMo of Cheibriados (Orc:2)
  A spark wasp (Spider:4)
  2 fire dragons (Depths:1)
  A centaur warrior (D:11)
  2 deep elf knights (Elf:1)
  A spriggan (Swamp:4)
  A swamp dragon (Swamp:4)
  A hill giant (D:12)
  7 deep elf magi (Elf:1)
  2 wolf spiders (Spider:4)
  A manticore (D:11)
  7 elephants (Lair:6)
  2 komodo dragons (Lair:6)
  A queen bee (D:8)
  3 jumping spiders
  2 hornets
  2 hippogriffs
  A tyrant leech (Swamp:4)
  2 blink frogs (Lair:6)
  2 redbacks (Spider:1)
  A tarantella (Spider:1)
  A yak (Lair:1)
  A fire elemental (Elf:1)
  3 vampire mosquitoes (Swamp:4)
  A water moccasin (Lair:6)
  4 ice beasts
  2 orc warriors (Orc:2)
  4 wolves (Lair:6)
  2 centaurs (D:11)
  An earth elemental (Elf:1)
  2 killer bees (D:8)
  A hound (D:8)
  6 orc priests
  2 orc wizards (Orc:2)
  2 adders (Lair:6)
  5 orcs
  3 jackals (D:11)
87 creatures vanquished.

Vanquished Creatures (others)
  A thorn hunter (Swamp:3)
  2 hydras (Swamp:3)
  A spriggan (Swamp:3)
  An orb spider (Spider:2)
  A spiny frog (Swamp:3)
  A hornet (Swamp:3)
  A dream sheep (Lair:5)
  A bog body (Swamp:3)
  A redback (Spider:4)
  A shadow (Swamp:3)
  A human (Lair:5)
  2 vampire mosquitoes (Swamp:3)
  2 swamp worms (Swamp:3)
  An orc (D:10)
  38 fungi
  63 plants
  7 toadstools (Swamp:3)
125 creatures vanquished.

Grand Total: 1513 creatures vanquished

Notes
Turn   | Place    | Note
-------+----------+-------------------------------------------
     0 | D:1      | doublebanjo the Demonspawn Berserker began the quest for the Orb.
     0 | D:1      | Reached XP level 1. HP: 18/18 MP: 1/1
   258 | D:1      | Gained mutation: You have a pair of small horns on your head. [demonic ancestry]
   258 | D:1      | Reached XP level 2. HP: 22/24 MP: 2/2
   746 | D:1      | Reached ** piety under Trog
   939 | D:1      | Reached XP level 3. HP: 28/29 MP: 3/3
  1030 | D:2      | Found a deep blue altar of Sif Muna.
  1169 | D:2      | Noticed Sigmund
  1188 | D:2      | Killed Sigmund
  1188 | D:2      | Reached skill level 5 in Axes
  1188 | D:2      | Gained mutation: You have a pair of horns on your head. [demonic ancestry]
  1188 | D:2      | Reached XP level 4. HP: 12/35 MP: 4/4
  1188 | D:2      | Gained mutation: You are slightly more attuned to the shadows. [demonic ancestry]
  1188 | D:2      | Reached XP level 5. HP: 15/41 MP: 5/5
  1447 | D:2      | Found a shattered altar of Ashenzari.
  1651 | D:2      | Found an opulent altar of Gozag.
  1813 | D:2      | Noticed Ijyb
  1830 | D:2      | Killed Ijyb
  1868 | D:2      | Found a sacrificial altar of Ru.
  1984 | D:3      | Gained mutation: You have sharp fingernails. [demonic ancestry]
  1984 | D:3      | Reached XP level 6. HP: 47/47 MP: 6/6
  2414 | D:3      | Found a glowing silver altar of Zin.
  2420 | D:3      | Found a blossoming altar of Fedhas.
  2432 | D:3      | Found a bloodstained altar of Trog.
  2603 | D:4      | Reached skill level 1 in Unarmed Combat
  2822 | D:4      | Reached *** piety under Trog
  2981 | D:4      | Reached skill level 2 in Unarmed Combat
  3411 | D:4      | Reached skill level 3 in Unarmed Combat
  3446 | D:4      | Found a hide-covered altar of Uskayaw.
  3803 | D:4      | Reached XP level 7. HP: 52/52 MP: 7/7
  3866 | D:5      | Entered Level 5 of the Dungeon
  3885 | D:5      | Reached skill level 4 in Unarmed Combat
  3958 | D:5      | Found a shimmering altar of Xom.
  3958 | D:5      | Found a shimmering altar of Xom.
  4180 | D:5      | Reached skill level 5 in Unarmed Combat
  4496 | D:5      | Found a shimmering altar of Xom.
  4496 | D:5      | Found a shimmering altar of Xom.
  4497 | D:5      | Found a shimmering altar of Xom.
  4499 | D:5      | Found a shimmering altar of Xom.
  4643 | D:5      | Reached skill level 6 in Unarmed Combat
  4720 | D:5      | Gained mutation: You have very sharp fingernails. [demonic ancestry]
  4720 | D:5      | Reached XP level 8. HP: 37/58 MP: 8/8
  5176 | D:6      | Reached skill level 7 in Unarmed Combat
  5391 | D:6      | Gained mutation: You are somewhat resistant to further mutation. [potion of beneficial mutation]
  5402 | D:6      | Reached **** piety under Trog
  5429 | D:6      | Noticed TheOneDM's ghost (novice TrMo)
  5435 | D:6      | Killed TheOneDM's ghost
  5435 | D:6      | Reached skill level 9 in Unarmed Combat
  5435 | D:6      | Reached XP level 9. HP: 59/63 MP: 9/9
  5462 | D:6      | Noticed Grinder
  5475 | D:6      | Killed Grinder
  5645 | D:6      | Reached skill level 10 in Unarmed Combat
  6081 | D:6      | Found a staircase to the Ecumenical Temple.
  6147 | D:6      | Reached skill level 1 in Throwing
  6301 | D:6      | Found a runed door.
  6520 | D:6      | Noticed Crazy Yiuf
  6525 | D:6      | Killed Crazy Yiuf
  7226 | D:8      | Found a hide-covered altar of Uskayaw.
  7353 | D:8      | Reached ***** piety under Trog
  7663 | D:8      | Noticed a queen bee
  7870 | D:8      | Gained mutation: You are significantly more attuned to the shadows. [demonic ancestry]
  7870 | D:8      | Reached XP level 10. HP: 24/73 MP: 10/10
  8012 | D:8      | Noticed Psyche
  8025 | D:8      | Killed Psyche
  8259 | D:8      | Reached skill level 5 in Fighting
  8862 | D:9      | Found a basalt altar of Yredelemnul.
  9308 | D:9      | Found a faded altar of an unknown god.
  9311 | D:9      | Found a faded altar of an unknown god.
  9313 | D:9      | Found a faded altar of an unknown god.
  9315 | D:9      | Found a faded altar of an unknown god.
  9320 | D:9      | Found a radiant altar of Vehumet.
  9364 | D:9      | Found a staircase to the Orcish Mines.
  9457 | D:9      | Reached skill level 5 in Armour
  9554 | D:9      | Reached skill level 5 in Dodging
  9694 | D:9      | Reached skill level 1 in Evocations
  9864 | D:10     | Entered Level 10 of the Dungeon
  9880 | D:10     | Noticed Snorg
  9894 | D:10     | Killed Snorg
  9894 | D:10     | Reached skill level 5 in Throwing
  9894 | D:10     | Gained mutation: You are immune to rotting. [demonic ancestry]
  9894 | D:10     | Reached XP level 11. HP: 83/83 MP: 12/12
 10204 | D:10     | Received a gift from Trog
 10656 | D:11     | Found a snail-covered altar of Cheibriados.
 10739 | D:11     | Noticed an unseen horror
 10767 | D:11     | Killed an unseen horror
 10943 | D:11     | Noticed a hill giant
 10973 | D:11     | Killed a hill giant
 11025 | D:11     | Found a staircase to the Lair.
 11041 | D:11     | Found Oxuas's Armour Shop.
 11087 | D:11     | Bought a +1 scale mail of poison resistance for 156 gold pieces
 11087 | D:11     | Bought a +2 pair of gloves for 198 gold pieces
 11156 | D:11     | Noticed Erica
 11163 | D:11     | Noticed a centaur warrior
 11163 | D:11     | Killed Erica
 11163 | D:11     | Reached skill level 5 in Evocations
 11167 | D:11     | Killed a centaur warrior
 11329 | D:11     | Received a gift from Trog
 11348 | D:11     | Noticed a red ugly thing
 11367 | D:11     | Killed a red ugly thing
 11433 | D:11     | Noticed a cyan ugly thing
 11440 | D:11     | Killed a cyan ugly thing
 11691 | D:12     | Found Ititom's Magic Scroll Boutique.
 11694 | D:12     | Noticed a hill giant
 11701 | D:12     | Killed a hill giant
 11705 | D:12     | Bought a scroll of blinking for 90 gold pieces
 11931 | D:12     | Found Uteqan's General Store.
 11959 | D:12     | Gained mutation: You have large cloven feet. [demonic ancestry]
 11959 | D:12     | Reached XP level 12. HP: 85/94 MP: 16/16
 12229 | D:12     | Noticed a four-headed hydra
 12234 | D:12     | Killed a four-headed hydra
 12801 | D:12     | Found Lopnip's Jewellery Emporium.
 12932 | D:12     | Reached skill level 11 in Unarmed Combat
 12956 | D:12     | Found a blossoming altar of Fedhas.
 13316 | Lair:1   | Entered Level 1 of the Lair of Beasts
 13403 | Lair:1   | Found a stormy altar of Qazlal.
 13455 | Lair:1   | Received a gift from Trog
 14013 | Lair:1   | Reached skill level 12 in Unarmed Combat
 14160 | Lair:1   | Noticed a seven-headed hydra
 14167 | Lair:1   | Killed a seven-headed hydra
 14273 | Lair:2   | Found a labyrinth entrance.
 14278 | Lab      | Entered a labyrinth
 15206 | Lab      | Noticed a minotaur
 15211 | Lab      | Killed a minotaur
 15215 | Lab      | Got a translucent wooden ring
 15215 | Lab      | Got a coiled marble ring
 15219 | Lab      | Identified the ring "Etuvvuh" {Str+2 SInv} (You found it in a labyrinth)
 15221 | Lab      | Identified the cursed ring of Zin's Wrath {rElec rC+ EV-2 Int-5 Slay+6} (You found it in a labyrinth)
 15402 | Lair:2   | Noticed Nergalle
 15412 | Lair:2   | Killed Nergalle
 15945 | Lair:3   | Found a staircase to the Swamp.
 15951 | Lair:3   | Reached skill level 13 in Unarmed Combat
 15965 | Lair:3   | Gained mutation: You have hoof-like feet. [demonic ancestry]
 15965 | Lair:3   | Reached XP level 13. HP: 94/101 MP: 17/17
 17199 | Lair:4   | Received a gift from Trog
 17211 | Lair:4   | Found a frozen archway.
 17235 | IceCv    | Entered an ice cave
 17617 | IceCv    | Reached skill level 14 in Unarmed Combat
 18306 | IceCv    | Received a gift from Trog
 18361 | IceCv    | Got a polished long sword {protect}
 18362 | IceCv    | Identified the +1 long sword "Fozuruhil" {protect, rF+ MP+9 Dex+2} (You took it off a necromancer in an ice cave)
 18365 | IceCv    | Got an iridescent shortbow
 18367 | IceCv    | Identified the +1 shortbow of Bustriop {flame, Str+4 Dex+2 SInv} (You found it in an ice cave)
 18370 | IceCv    | Got a translucent chain mail
 18381 | IceCv    | Identified the cursed +1 chain mail of the Voivode {Regen+} (You found it in an ice cave)
 19289 | Lair:4   | Found a hole to the Spider Nest.
 19441 | Lair:5   | Noticed Kirke
 19449 | Lair:4   | Reached skill level 15 in Unarmed Combat
 19464 | Lair:5   | Killed Kirke
 20416 | Lair:5   | Received a gift from Trog
 20709 | Lair:5   | Found a staircase to the Slime Pits.
 20826 | Lair:6   | Entered Level 6 of the Lair of Beasts
 20842 | Lair:5   | Gained mutation: You have hooves in place of feet. [demonic ancestry]
 20842 | Lair:5   | Reached XP level 14. HP: 82/108 MP: 18/18
 21205 | Lair:6   | Noticed CountDeLaPain's ghost (journeyman TrHu)
 21212 | Lair:6   | Killed CountDeLaPain's ghost
 21214 | Lair:6   | Received a gift from Trog
 22060 | Lair:6   | Received a gift from Trog
 24223 | Orc:1    | Entered Level 1 of the Orcish Mines
 24223 | Orc:1    | Noticed Josephine
 24227 | Orc:1    | Reached XP level 15. HP: 106/113 MP: 19/19
 24233 | Orc:1    | Killed Josephine
 24459 | Orc:1    | Reached ****** piety under Trog
 24474 | Orc:1    | Noticed Fannar
 24481 | Orc:1    | Killed Fannar
 24504 | Orc:1    | Received a gift from Trog
 24889 | Orc:2    | Entered Level 2 of the Orcish Mines
 24896 | Orc:2    | Noticed Nessos
 24900 | Orc:2    | Killed Nessos
 25096 | Orc:2    | Reached skill level 10 in Dodging
 25106 | Orc:2    | Reached skill level 10 in Armour
 25379 | Orc:2    | Noticed CompileTime's ghost (journeyman GrMo)
 25419 | Orc:2    | Killed CompileTime's ghost
 25788 | Orc:2    | Found a staircase to the Elven Halls.
 25795 | Orc:2    | Found Joackyskesm's Book Boutique.
 25796 | Orc:2    | Found Kocrykach's Gadget Shop.
 25797 | Orc:2    | Found Xionykk's Book Shop.
 25798 | Orc:2    | Found Riygraf's Armour Boutique.
 26096 | Orc:1    | Noticed lunkers's ghost (journeyman DgNe)
 26116 | Orc:1    | Killed lunkers's ghost
 26123 | Orc:1    | Received a gift from Trog
 26516 | Orc:2    | Bought the +9 plate armour of Beyond {rElec Regen+ rCorr Int-3} for 1056 gold pieces
 26526 | Orc:2    | Bought a +1 cloak of poison resistance for 175 gold pieces
 26796 | Swamp:1  | Entered Level 1 of the Swamp
 27102 | Swamp:1  | Reached skill level 10 in Fighting
 27139 | Swamp:1  | Reached skill level 10 in Throwing
 27735 | Swamp:2  | Noticed a thorn hunter
 27742 | Swamp:2  | Killed a thorn hunter
 27969 | Swamp:2  | Received a gift from Trog
 28607 | Swamp:3  | Noticed Jorgrun
 28616 | Swamp:3  | Killed Jorgrun
 28651 | Swamp:3  | Noticed Bai Suzhen
 28653 | Swamp:3  | Noticed SevenDeadlySins's ghost (adept MiBe)
 28657 | Swamp:3  | Noticed a thorn hunter
 28812 | Swamp:3  | Gained mutation: You may emit foul miasma when damaged in melee. [demonic ancestry]
 28812 | Swamp:3  | Reached XP level 16. HP: 105/122 MP: 21/21
 29126 | Swamp:3  | Killed a thorn hunter
 29318 | Swamp:4  | Entered Level 4 of the Swamp
 29602 | Swamp:4  | Received a gift from Trog
 29644 | Swamp:4  | Noticed a thorn hunter
 29658 | Swamp:4  | Killed a thorn hunter
 29993 | Swamp:4  | Got a decaying rune of Zot
 31244 | D:13     | Found a gate to the Vaults.
 31493 | D:13     | Received a gift from Trog
 31946 | D:14     | Found a portal to a secret trove of treasure.
 33052 | D:15     | Entered Level 15 of the Dungeon
 33063 | D:15     | Found Fukop's Antique Armour Shop.
 33323 | D:15     | Found a shadowy altar of Dithmenos.
 33357 | D:15     | Found Puusk's Assorted Antiques.
 33576 | D:15     | Noticed Sonja
 33582 | D:15     | Killed Sonja
 33854 | D:15     | Found a staircase to the Depths.
 34012 | D:15     | Found Wucka's Magic Scroll Boutique.
 34028 | D:15     | Bought a scroll of blinking for 105 gold pieces
 34028 | D:15     | Bought a scroll of fear for 49 gold pieces
 34028 | D:15     | Bought a scroll of fear for 49 gold pieces
 34261 | D:9      | Reached XP level 17. HP: 128/128 MP: 24/24
 34301 | Elf:1    | Entered Level 1 of the Elven Halls
 34376 | Elf:1    | Found Punappih's Antique Weapon Boutique.
 34461 | Elf:1    | Received a gift from Trog
 34482 | Elf:1    | Reached skill level 10 in Evocations
 34800 | Elf:1    | Received a gift from Trog
 34854 | Elf:1    | Received a gift from Trog
 35151 | Elf:1    | Noticed Aizul
 35166 | Elf:1    | Killed Aizul
 35327 | Elf:1    | Found Avock's Jewellery Shoppe.
 35328 | Elf:1    | Found Coet Doj's Jewellery Shoppe.
 35328 | Elf:1    | Found Ziruenut's Gadget Shop.
 35901 | Spider:1 | Entered Level 1 of the Spider Nest
 36037 | Spider:1 | Noticed Agnes
 36046 | Spider:1 | Killed Agnes
 36066 | Spider:1 | Received a gift from Trog
 36555 | Spider:2 | Reached skill level 15 in Throwing
 36572 | Spider:2 | Noticed Arachne
 36585 | Spider:2 | Killed Arachne
 36697 | Spider:2 | Received a gift from Trog
 36702 | Spider:2 | Reached skill level 16 in Unarmed Combat
 37270 | Spider:2 | Found a roughly hewn altar of Beogh.
 37287 | Spider:2 | Identified the +0 ring mail "Piefuh" {+Fly rPois MP+9 Int+2} (You found it on level 2 of the Spider Nest)
 37852 | Spider:3 | Received a gift from Trog
 38030 | Spider:2 | Gained mutation: You have claws for hands. [demonic ancestry]
 38030 | Spider:2 | Reached XP level 18. HP: 114/134 MP: 25/25
 38090 | Spider:3 | Reached skill level 17 in Unarmed Combat
 38671 | Spider:4 | Entered Level 4 of the Spider Nest
 39590 | Spider:4 | Received a gift from Trog
 39946 | Spider:4 | Reached skill level 18 in Unarmed Combat
 40269 | Spider:4 | Paralysed by a hornet for 2 turns
 40401 | Spider:4 | Got a gossamer rune of Zot
 40794 | Orc:2    | Bought a wand of teleportation (3/9) for 231 gold pieces
 40867 | D:9      | Received a gift from Trog
 41066 | Depths:1 | Entered Level 1 of the Depths
 41380 | Depths:1 | Noticed Mara
 41398 | Depths:1 | Noticed doublebanjo's illusion
 41445 | Depths:1 | Noticed doublebanjo's illusion
 41609 | Depths:1 | Killed Mara
 41609 | Depths:1 | Reached skill level 19 in Unarmed Combat
 41746 | Depths:1 | Found a one-way gate to the infinite horrors of the Abyss.
 41771 | Depths:1 | Found a gateway to Hell.
 41967 | Depths:1 | Received a gift from Trog
 42671 | Depths:1 | Received a gift from Trog
 42671 | Depths:1 | Gained mutation: You frequently emit foul miasma when damaged in melee. [demonic ancestry]
 42671 | Depths:1 | Reached XP level 19. HP: 127/140 MP: 26/26
 42949 | Slime:1  | Entered Level 1 of the Pits of Slime
 43029 | Slime:1  | Slain by an acid blob

Skill      XL: |  1  2  3  4  5  6  7  8  9 10 11 12 13 14 15 16 17 18 |
---------------+-------------------------------------------------------+-----
Axes           | 3 5 6 |  6.3
Unarmed Combat | 3 6 9 10 13 15 16 19 | 19.7
Armour         | 3 5 9 10 12 | 12.0
Dodging        | 3 5 9 10 11 12 | 12.0
Throwing       | 2 5 7 8 11 13 15 | 15.0
Fighting       | 4 6 8 9 10 | 10.0
Evocations     | 2 6 7 9 10 | 10.0
Shields        | 4 |  4.4

Action                   |  1- 3 |  4- 6 |  7- 9 | 10-12 | 13-15 | 16-18 | 19-21 || total
-------------------------+-------+-------+-------+-------+-------+-------+-------++-------
Melee: Hand axe          |    89 |   181 |    14 |       |       |       |       ||   284
       Headbutt          |    10 |    23 |    73 |   140 |   330 |   362 |     3 ||   941
       Punch             |       |     2 |    12 |    30 |    25 |       |       ||    69
       War axe           |       |       |    65 |       |       |       |       ||    65
       Unarmed           |       |       |   268 |   740 |  1461 |  1606 |    27 ||  4102
       Kick              |       |       |       |    86 |   483 |   554 |     9 ||  1132
 Fire: Hunting sling     |       |       |    18 |       |       |       |       ||    18
       Fustibalus        |       |       |       |    30 |       |       |       ||    30
       Blowgun           |       |       |       |       |       |     3 |       ||     3
Throw: Stone             |       |       |     1 |     5 |     9 |       |       ||    15
       Javelin           |       |       |       |       |    11 |   150 |     8 ||   169
       Throwing net      |       |       |       |       |       |     4 |       ||     4
Invok: Berserk           |       |     1 |     5 |    19 |    17 |     3 |       ||    45
       Brothers in Arms  |       |       |     3 |     5 |     5 |    10 |     1 ||    24
       Trog's Hand       |       |       |     2 |       |     3 |     4 |       ||     9
Evoke: Wand              |       |       |     1 |       |       |    19 |       ||    20
       Lamp of fire      |       |       |       |     1 |     1 |     1 |       ||     3
       Box of beasts     |       |       |       |     1 |     1 |       |       ||     2
       Phial of floods   |       |       |       |       |       |     2 |       ||     2
  Use: Potion            |     2 |       |     9 |     2 |     2 |     4 |       ||    19
       Scroll            |       |       |    13 |     8 |    16 |    21 |     1 ||    59
 Stab: Sleeping          |       |    13 |    12 |    11 |     7 |       |       ||    43
       Distracted        |       |       |     1 |     2 |     1 |       |       ||     4
       Confused          |       |       |       |       |     1 |       |       ||     1
  Eat: Chunk             |     1 |     6 |     9 |    35 |    34 |    23 |     2 ||   110
       Beef jerky        |       |     1 |       |       |     1 |     4 |       ||     6
       Royal jelly       |       |       |     1 |     3 |     1 |       |       ||     5
       Pizza             |       |       |     2 |     1 |     1 |     2 |       ||     6
       Meat ration       |       |       |     1 |     1 |       |       |       ||     2
       Fruit             |       |       |     3 |     9 |    15 |     4 |       ||    31
       Bread ration      |       |       |       |       |     2 |     4 |       ||     6
Armor: Animal skin       |    20 |    47 |   130 |    55 |       |       |       ||   252
       Skin              |       |       |     7 |       |     2 |       |       ||     9
       Troll leather arm |       |       |       |    93 |       |       |       ||    93
       Scale mail        |       |       |       |   159 |   518 |       |       ||   677
       Plate armour      |       |       |       |       |   254 |  1245 |    24 ||  1523
Dodge: Dodged            |    57 |   101 |   215 |   387 |   640 |   648 |    10 ||  2058
Block: Other             |       |       |    14 |    71 |    19 |       |       ||   104
       Reflection        |       |       |       |     1 |     4 |    20 |       ||    25
       Buckler           |       |       |       |       |   509 |   826 |     5 ||  1340
